 Dungeon Crawl Stone Soup version 0.30-a0-43-gbbf338a72c (webtiles) character file.

Game seed: 8345592053492493861

25 IdlyInterested the Digger (level 2, -2/16 (19) HPs)
             Began as a Demonspawn Wanderer on Aug 31, 2022.
             Slain by Terence
             ... wielding a +7 flail of draining
              (6 damage)
             ... on level 2 of the Dungeon.
             The game lasted 00:03:45 (971 turns).

IdlyInterested the Digger (Demonspawn Wanderer)      Turns: 971, Time: 00:03:46

HP:   -2/16 (19)    AC:  8    Str: 11    XL:     2   Next: 86%
MP:   0/3           EV: 10    Int: 14    God:
Gold: 71            SH:  0    Dex: 12    Spells: 2/3 levels left

rFire   . . .      SeeInvis .    a - +0 quarterstaff
rCold   . . .      Faith    .    (shield currently unavailable)
rNeg    . . .      Spirit   .    b - +0 ring mail
rPois   .          Reflect  .    (no helmet)
rElec   .          Harm     .    (no cloak)
rCorr   .          Rampage  .    (no gloves)
Will    .....                    d - +0 pair of boots
Stlth   +.........               (no amulet)
HPRegen 0.05/turn                (no ring)
MPRegen 0.08/turn                (no ring)

@: heavily drained
A: molten scales 1
a: no special abilities


You were on level 2 of the Dungeon.
You visited 1 branch of the dungeon, and saw 2 of its levels.

You collected 71 gold pieces.

Inventory:

Hand Weapons
 a - a +0 quarterstaff (weapon)
 g - a +0 spear
Armour
 b - a +0 ring mail (worn)
 d - a +0 pair of boots (worn)
 p - a +0 chain mail
Scrolls
 c - a scroll of butterflies
 e - a scroll of brand weapon {unknown}
 f - a scroll of identify {unknown}
 j - a scroll of amnesia {unknown}
 n - 2 scrolls of teleportation {unknown}
 o - a scroll of immolation {unknown}
Potions
 h - a potion of flight {unknown}
 i - a potion of brilliance {unknown}
 k - a potion of degeneration {unknown}
 l - a potion of mutation {unknown}
 m - a potion of heal wounds {unknown}


   Skills:
 + Level 1.6 Staves
 - Level 1.7 Armour
 - Level 1.0 Dodging
 - Level 1.0 Spellcasting
 * Level 4.2 Earth Magic
 - Level 1.2 Invocations


You had 2 spell levels left.
You knew the following spells:

 Your Spells              Type           Power      Damage    Failure   Level
a - Sandblast             Erth           24%        2d8       11%         1

Your spell library contained the following spells:

 Spells                   Type           Power      Damage    Failure   Level
 Animate Armour           Summ/Erth      12%        N/A       95%         4
 Petrify                  Tmut/Erth      6%         N/A       95%         4


Dungeon Overview and Level Annotations

Branches:
Dungeon (2/15)

Altars:

Annotations:
D:2 Terence


Innate Abilities, Weirdness & Mutations

You are partially covered in molten scales. (AC +2)


Message History

Found a plate armour.
Found a stone staircase leading down.
Terence the Incautious comes into view.
He is wielding a +7 flail of draining.
Terence shouts!
An endoplasm comes into view.
A ball python comes into view.
The ball python hisses angrily.
The endoplasm quivers.
You see here 15 gold pieces.
Aiming: Sandblast (safe; 11% risk of failure)
Press: ? - help, Q - select action Shift-Dir - straight line, f - Terence
Aim: Terence, wielding a +7 flail of draining and wearing a +0 chain mail (87% to hit)
The blast of sand hits Terence but does no damage.
Aiming: Sandblast (safe; 11% risk of failure)
Press: ? - help, Q - select action Shift-Dir - straight line, f/p - Terence
Aim: Terence, wielding a +7 flail of draining and wearing a +0 chain mail (87% to hit)
The blast of sand hits Terence but does no damage.
Terence hits you but does no damage.
You feel drained.
Aiming: Sandblast (safe; 11% risk of failure)
Press: ? - help, Q - select action Shift-Dir - straight line, f/p - Terence
Aim: Terence, wielding a +7 flail of draining and wearing a +0 chain mail (87% to hit)
The blast of sand hits Terence.
Terence is lightly wounded.
Terence hits you with a +7 flail of draining.
You feel drained. Terence closely misses you. The endoplasm freezes you.
You are frozen.
You hit the endoplasm.
You kill the endoplasm!
The ball python closely misses you. The ball python grabs you.
The ball python constricts you.
Terence hits you with a +7 flail of draining.
You feel drained.
The ball python bites you but does no damage.
The ball python constricts you.
* * * LOW HITPOINT WARNING * * *
You hit the ball python.
You kill the ball python!
Terence hits you with a +7 flail of draining.
You die...

#......##...
#..........
...........
.......... ..>..
.........# ......
.........##.......
..................
......@@.##.......
.................
.....#+#.......#
...............###
........#.........
...........#+#...
..........<# ..
.......####
.....#.


You could see Terence.

Vanquished Creatures
  3 ball pythons
  A bat (D:1)
  An endoplasm (D:2)
  2 giant cockroaches (D:1)
  6 goblins (D:1)
  A hobgoblin (D:1)
  3 kobolds (D:1)
  2 frilled lizards (D:1)
  4 rats (D:1)
23 creatures vanquished.

Notes
Turn   | Place    | Note
-------+----------+-------------------------------------------
     0 | D:1      | IdlyInterested the Demonspawn Wanderer began the quest for
                  | the Orb.
     0 | D:1      | IdlyInterested set off with the following items: a +0
                  | quarterstaff, a +0 ring mail, a scroll of butterflies; and
                  | the following spell memorised: Sandblast; and the following
                  | spells available to memorise: Animate Armour, Petrify.
     0 | D:1      | Reached XP level 1. HP: 13/13 MP: 2/2
   278 | D:1      | Gained mutation: You are partially covered in molten
                  | scales. (AC +2) [demonic ancestry]
   278 | D:1      | Reached XP level 2. HP: 18/19 MP: 3/3
   301 | D:1      | Reached skill level 4 in Earth Magic
   368 | D:1      | Found a faded altar of an unknown god.
   964 | D:2      | Noticed Terence
   971 | D:2      | Slain by Terence

Illustrated notes

Levels and vault maps discovered:
D:1:      dpeg_arrival_snail, layout_loops_ring, ebering_ecumenical_altar_rust,
          minmay_misc_feat_enclosed
D:2:      layout_basic, chequers_serial_rivers_large_b, uniq_terence

Skill      XL: |  1  2 |
---------------+-------+-----
Earth Magic    | 4 |  4.2
Staves         | |  1.6
Armour         | |  1.7
Dodging        | |  1.0
Spellcasting   | |  1.0
Invocations    | |  1.2

Action                   || total
-------------------------++-------
Melee: Quarterstaff      ||    32
 Cast: Sandblast         ||    17
Armor: Ring mail         ||    19
Dodge: Dodged            ||    20

Table legend: (Time is in decaauts)
 A = Elapsed time spent in this place.
 B = Non-inter-level travel time spent in this place.
 C = Inter-level travel time spent in this place.
 D = Time resting spent in this place.
 E = Time spent auto-exploring this place.
 F = Levels seen in this place.
 G = Mean time per level.
                   A        B        C        D        E       F      G
               +--------+--------+--------+--------+--------+-----+--------+
         Total |    986 |    854 |    132 |    162 |    506 |   2 |  493.0 |
       Dungeon |    986 |    854 |    132 |    162 |    506 |   2 |  493.0 |
               +--------+--------+--------+--------+--------+-----+--------+

Top non-repeatable levels by time:
     D:1: 967 daAuts
     D:2: 19 daAuts
